 Dungeon Crawl Stone Soup version 0.27-a0-380-g150de4c316 (webtiles) character file.

Game seed: 11334304127009526313

379 night the Sneak (level 7, -3/44 HPs)
             Began as a Kobold Brigand on Feb 17, 2021.
             Was an Initiate of Dithmenos.
             Slain by Pikel
             ... wielding a +2 whip of electrocution
              (14 damage)
             ... on level 4 of the Dungeon.
             The game lasted 00:08:08 (4318 turns).

night the Sneak (Kobold Brigand)                    Turns: 4318, Time: 00:08:09

Health: -3/44      AC:  7    Str:  8    XL:     7   Next: 4%
Magic:  7/7        EV: 13    Int: 12    God:    Dithmenos [......]
Gold:   251        SH:  0    Dex: 19    Spells: 6/6 levels left

rFire    . . .     SeeInvis .   a - +2 dagger
rCold    + . .     Faith    .   (shield restricted)
rNeg     . . .     Spirit   .   y - +0 ring mail
rPois    .         Reflect  .   B - +0 helmet
rElec    .         Harm     .   c - +0 cloak
rCorr    .         Rampage  .   (no gloves)
Will     +....                  (no boots)
Stlth    ++++......             (no amulet)
HPRegen  0.14/turn              k - ring of protection from cold
MPRegen  0.10/turn              u - ring of willpower

@: no status effects
A: small, nightstalker 3
a: Renounce Religion


You were on level 4 of the Dungeon.
You worshipped Dithmenos.
Dithmenos was noncommittal.
You visited 1 branch of the dungeon, and saw 4 of its levels.

You collected 251 gold pieces.

Inventory:

Hand Weapons
 a - a +2 dagger (weapon)
 p - a +0 falchion
Missiles
 f - 77 stones
 l - 43 sling bullets
 t - 10 boomerangs (quivered)
Armour
 b - a +0 robe
 c - a +0 cloak (worn)
 y - a +0 ring mail (worn)
 B - a +0 helmet (worn)
Jewellery
 k - a ring of protection from cold (left hand)
 u - a ring of willpower (right hand)
 v - an amulet of magic regeneration {unknown}
Scrolls
 i - a scroll of fear {unknown}
 m - 4 scrolls of blinking {unknown}
 n - a scroll of amnesia {unknown}
 q - 2 scrolls of identify {unknown}
 w - 3 scrolls of enchant armour {unknown}
 x - a scroll of magic mapping {unknown}
 C - a scroll of teleportation {unknown}
Potions
 g - a potion of ambrosia {unknown}
 h - 4 potions of curing {unknown}
 j - 2 potions of heal wounds {unknown}
 o - a potion of invisibility {unknown}
 r - 2 potions of lignification {unknown}
 s - a potion of degeneration {unknown}
 z - a potion of brilliance {unknown}
 A - a potion of haste {unknown}


   Skills:
 + Level 4.4 Fighting
 + Level 5.4 Short Blades
 - Level 2.1 Throwing
 + Level 2.8 Dodging
 + Level 7.4 Stealth


You had 6 spell levels left.
You didn't know any spells.
Your spell library contained the following spells:

 Spells                   Type           Power        Failure   Level
 Animate Skeleton         Necr           0%           71%         1
 Apportation              Tloc           0%           71%         1
 Corona                   Hex            0%           71%         1
 Summon Small Mammal      Summ           0%           71%         1


Dungeon Overview and Level Annotations

Branches:
Dungeon (4/15)
 Temple: D:4-7

Altars:
Dithmenos
Nemelex Xobeh
Qazlal
Zin

Annotations:
D:4 Pikel


Innate Abilities, Weirdness & Mutations

You are small and have problems with some larger weapons.
You are completely attuned to the shadows.


Message History

Pikel is lightly wounded.
Pikel hits you but does no damage. Pikel misses you.
Throw: 10 boomerangs
Press: ? - help, Q - select action, (/) - cycle Shift-Dir - straight line, f/p - Pikel
Aim: Pikel, wielding a +2 whip of electrocution and wearing a +0 robe (lightly wounded, 58% to hit)
You throw a boomerang. The boomerang hits Pikel.
Pikel is lightly wounded.
Pikel hits you with a +2 whip of electrocution.
Throw: 10 boomerangs
Press: ? - help, Q - select action, (/) - cycle Shift-Dir - straight line, f/p - Pikel
Aim: Pikel, wielding a +2 whip of electrocution and wearing a +0 robe (lightly wounded, 58% to hit)
You throw a boomerang. The boomerang hits Pikel.
Pikel is moderately wounded.
Pikel hits you with a +2 whip of electrocution.
You are electrocuted!
Throw: 10 boomerangs
Press: ? - help, Q - select action, (/) - cycle Shift-Dir - straight line, f/p - Pikel
Aim: Pikel, wielding a +2 whip of electrocution and wearing a +0 robe (moderately wounded, 58% to hit)
You throw a boomerang. The boomerang hits Pikel.
Pikel is moderately wounded.
The lemure closely misses you.
Pikel hits you with a +2 whip of electrocution.
The lemure hits you but does no damage.
You hit Pikel.
Pikel is moderately wounded.
Pikel says, "You'll make a fine lemure."
Pikel completely misses you.
You hit Pikel.
Pikel is heavily wounded.
Pikel hits you with a +2 whip of electrocution.
You completely miss Pikel.
Pikel is heavily wounded.
Pikel hits you but does no damage.
You are electrocuted!
* * * LOW HITPOINT WARNING * * *
You barely miss Pikel.
Pikel is heavily wounded.
You hit Pikel but do no damage.
Pikel is heavily wounded.
Pikel hits you but does no damage.
You are electrocuted!
You die...

.5...##.#.....###...#..##
.5.5.........## #.#....##
....$.##.<...####(#.....#
....5.####.............##
........##.........)...#
.#...5...........####..#
..##...##.##....##..##.#
.......####..........#.#
...#...@K5......##..#.#
.......##5.###.##†.##.##
.##.....######(#..##...#
##.....###.#.#.......#
#....#.#...)##..##...
##..........?####....
#........ .... .......#.
... .....###


You could see Pikel and 2 lemures.

Vanquished Creatures
  An ogre (D:4)
  A hound (D:4)
  Crazy Yiuf (D:2)
  2 iguanas (D:4)
  Terence (D:2)
  2 orc wizards (D:4)
  3 adders
  An ooze (D:3)
  4 worms
  A dart slug (D:3)
  2 leopard geckos
  5 orcs
  8 bats
  5 giant cockroaches
  3 goblins
  4 hobgoblins
  5 jackals
  6 kobolds
  5 quokkas
  4 frilled lizards
  A quokka skeleton (D:3)
  10 rats
75 creatures vanquished.

Notes
Turn   | Place    | Note
-------+----------+-------------------------------------------
     0 | D:1      | night the Kobold Brigand began the quest for the Orb.
     0 | D:1      | Reached XP level 1. HP: 12/12 MP: 1/1
   247 | D:1      | Reached XP level 2. HP: 18/18 MP: 2/2
   545 | D:1      | Reached XP level 3. HP: 22/22 MP: 3/3
  1005 | D:2      | Reached skill level 6 in Stealth
  1051 | D:2      | Found a faded altar of an unknown god.
  1155 | D:2      | Reached XP level 4. HP: 28/28 MP: 4/4
  1158 | D:2      | Noticed Terence
  1193 | D:2      | Killed Terence
  1532 | D:2      | Found a shadowy altar of Dithmenos.
  1537 | D:2      | Became a worshipper of Dithmenos the Shadowed
  1610 | D:2      | Found a runed translucent door.
  1613 | D:2      | Noticed Crazy Yiuf
  1647 | D:2      | Killed Crazy Yiuf
  1648 | D:2      | Reached XP level 5. HP: 5/32 MP: 5/5
  2864 | D:3      | Found a stormy altar of Qazlal.
  2864 | D:3      | Found a glowing silver altar of Zin.
  3567 | D:4      | Found a sparkling altar of Nemelex Xobeh.
  3618 | D:4      | Reached skill level 7 in Stealth
  3618 | D:4      | Reached XP level 6. HP: 12/38 MP: 6/6
  3853 | D:4      | Noticed an ogre
  3857 | D:4      | Killed an ogre
  3858 | D:4      | Reached skill level 5 in Short Blades
  3858 | D:4      | Reached skill level 2 in Dodging
  4005 | D:4      | Got a masterwork whip
  4006 | D:4      | Identified the +6 whip "Suseut Row" {vorpal, rPois rN+
                  | Int-2} (You found it on level 4 of the Dungeon)
  4186 | D:4      | Reached XP level 7. HP: 31/44 MP: 7/7
  4289 | D:4      | Noticed Pikel
  4318 | D:4      | Slain by Pikel

Illustrated notes

Levels and vault maps discovered:
D:1:      minmay_arrival_loop, layout_loops_ring
D:2:      layout_rooms, grunt_dithmenos_smoke_and_mirrors,
          chequers_ecumenical_altar_simple, uniq_terence,
          uniq_crazy_yiuf_cottage
D:3:      layout_basic, gammafunk_temple_overflow_pools
D:4:      layout_cave_pools, nemelex_xobeh_ov_fountains_minmay,
          minmay_close_crescents, uniq_pikel

Skill      XL: |  1  2  3  4  5  6 |
---------------+-------------------+-----
Short Blades   | 3 4 5 |  5.4
Stealth        | 6 7 |  7.4
Fighting       | 3 4 |  4.4
Dodging        | 2 |  2.8
Throwing       | |  2.1

Action                   |  1- 3 |  4- 6 |  7- 9 || total
-------------------------+-------+-------+-------++-------
Melee: Dagger            |    71 |   180 |     7 ||   258
Throw: Dart              |       |    24 |       ||    24
       Stone             |       |     1 |       ||     1
       Boomerang         |       |       |     4 ||     4
 Stab: Sleeping          |    25 |    17 |       ||    42
       Distracted        |       |     1 |       ||     1
Armor: Robe              |    14 |    13 |       ||    27
       Ring mail         |       |    11 |     4 ||    15
Dodge: Dodged            |    33 |    90 |     4 ||   127

Table legend: (Time is in decaauts)
 A = Elapsed time spent in this place.
 B = Non-inter-level travel time spent in this place.
 C = Inter-level travel time spent in this place.
 D = Time resting spent in this place.
 E = Time spent auto-exploring this place.
 F = Levels seen in this place.
 G = Mean time per level.
                   A        B        C        D        E       F      G
               +--------+--------+--------+--------+--------+-----+--------+
         Total |   4241 |   4148 |     93 |    349 |   3124 |   4 | 1060.2 |
       Dungeon |   4241 |   4148 |     93 |    349 |   3124 |   4 | 1060.2 |
               +--------+--------+--------+--------+--------+-----+--------+

Top non-repeatable levels by time:
     D:3: 1285 daAuts
     D:2: 1210 daAuts
     D:1: 993 daAuts
     D:4: 752 daAuts
